 Dungeon Crawl Stone Soup version 0.25-a0-558-g78a2afb0af (webtiles) character file.

Game seed: 4536255977614459322, levelgen mode: deterministic

4008 RedPan the Fighter (level 10, -3/85 HPs)
             Began as a Gnoll Wanderer on Feb 24, 2020.
             Was an Elder of Cheibriados.
             Slain by a komodo dragon (14 damage)
             ... on level 9 of the Dungeon.
             The game lasted 00:22:56 (8337 turns).

RedPan the Fighter (Gnoll Wanderer)                 Turns: 8337, Time: 00:22:57

Health: -3/85      AC: 20    Str: 26    XL:     10   Next: 23%
Magic:  13/17      EV: 11    Int: 24    God:    Cheibriados [****..]
Gold:   504        SH:  2    Dex: 24    Spells: 19/19 levels left

rFire    . . .     SeeInvis .   w - +4 hand axe
rCold    + + .     Gourm    .   (no shield)
rNeg     . . .     Faith    .   r - +1 plate armour
rPois    .         Spirit   .   o - +2 helmet
rElec    .         Reflect  +   a - +0 cloak
rCorr    .         Harm     .   (no gloves)
MR       .....                  g - +0 pair of boots
Stlth    ..........             e - +2 amulet of reflection
HPRegen  0.24/turn              n - ring of protection from cold
MPRegen  0.15/turn              s - ring of protection from cold

@: studying Long Blades, very slow
A: distributed training, fangs 1, strong nose
a: Bend Time, Temporal Distortion, Slouch, Renounce Religion


You were on level 9 of the Dungeon.
You worshipped Cheibriados.
Cheibriados was greatly pleased with you.
You were hungry.

You visited 1 branch of the dungeon, and saw 9 of its levels.

You collected 504 gold pieces.

Inventory:

Hand Weapons
 j - a +6 club
 w - a +4 hand axe (weapon)
 D - a +0 scimitar
 F - the +1 short sword of the Gloaming {vorpal, Str-3 Dex+4 SInv}
   (You found it on level 8 of the Dungeon)

   It inflicts extra damage upon your enemies.
   It affects your strength (-3).
   It affects your dexterity (+4).
   It lets you see invisible.
Missiles
 l - 4 atropa-tipped darts (quivered)
 t - 20 poisoned darts
Armour
 a - a +0 cloak (worn)
 c - a +2 scale mail
 g - a +0 pair of boots (worn)
 o - a +2 helmet (worn)
 r - a +1 plate armour (worn)
Jewellery
 e - a +2 amulet of reflection (around neck)
 n - a ring of protection from cold (left hand)
 p - an uncursed ring of magical power
 s - a ring of protection from cold (right hand)
 u - an uncursed ring of stealth
 E - an uncursed ring of resist corrosion
Wands
 A - a wand of flame (19)
 C - a wand of acid (11)
Scrolls
 f - 2 scrolls of amnesia
 i - 4 scrolls of teleportation
 v - 3 scrolls of fog
 x - a scroll of fear
 y - 4 scrolls of remove curse
 G - a scroll of magic mapping
Potions
 b - 2 potions of curing
 h - 2 potions of flight
 k - a potion of brilliance
 m - 2 potions of magic
 q - a potion of stabbing
 z - 2 potions of might
Books
 B - a manual of Long Blades
Comestibles
 d - 18 rations


   Skills:
 + Level 9.9 Fighting
 + Level 5.0 Short Blades
 + Level 5.7 Long Blades
 + Level 5.0 Axes
 + Level 5.0 Maces & Flails
 + Level 5.0 Polearms
 + Level 5.0 Staves
 + Level 5.0 Slings
 + Level 5.0 Bows
 + Level 5.0 Crossbows
 + Level 5.7 Throwing
 + Level 8.3 Armour
 + Level 5.0 Dodging
 + Level 5.6 Stealth
 + Level 5.7 Shields
 + Level 5.0 Unarmed Combat
 + Level 5.0 Spellcasting
 + Level 4.1 Conjurations
 + Level 4.1 Hexes
 + Level 4.1 Charms
 + Level 4.1 Summonings
 + Level 4.1 Necromancy
 + Level 4.1 Translocations
 + Level 4.1 Transmutations
 + Level 4.1 Fire Magic
 + Level 4.1 Ice Magic
 + Level 4.1 Air Magic
 + Level 4.1 Earth Magic
 + Level 4.1 Poison Magic
 + Level 5.5 Invocations
 + Level 5.0 Evocations


You had 19 spell levels left.
You didn't know any spells.
Your spell library was empty.

Dungeon Overview and Level Annotations

Branches:
Dungeon (9/15)             Temple (0/1) D:7            Lair (0/6) D:9
    Orc: D:9-12

Altars:
Cheibriados
Elyvilon
Ru
Trog
Wu Jian
Xom
Yredelemnul


Innate Abilities, Weirdness & Mutations

Your experience applies equally to all skills.
You have very sharp teeth.
Your uncanny sense of smell can sniff out nearby items.


Message History

You barely miss the komodo dragon.
The komodo dragon is heavily wounded.
The komodo dragon barely misses you.
Okay, then.
You hit the komodo dragon.
The komodo dragon is severely wounded.
The komodo dragon closely misses you.
You are feeling hungry.
You hit the komodo dragon. You bite the komodo dragon.
The komodo dragon is almost dead.
The komodo dragon bites you.
* * * LOW HITPOINT WARNING * * *
You hit the komodo dragon but do no damage.
You bite the komodo dragon, but do no damage.
The komodo dragon is almost dead.
The komodo dragon barely misses you.
You hit the komodo dragon.
The komodo dragon is almost dead.
The komodo dragon bites you!
You die...

#.### #...## ∆ #.#..##
###...## ##...PP##
#+##### #....PPP#
.......### #####....PPP#
.......'.####.......PPPP#
.......#@l.##....P.PPPPP#
.......###.##......PPPPP#
....... #..'.....PP...P#
....... ####....PP..>.P#
####### #...#..P...P#
#...#.PPPPPP#
######PPPPP## ######


You could see a komodo dragon.

Vanquished Creatures
  An unseen horror (D:6)
  A hippogriff (D:8)
  A hungry ghost (D:7)
  Menkaure (D:6)
  A water moccasin (D:7)
  3 orc warriors
  2 black bears (D:8)
  3 ice beasts
  A phantom (D:5)
  3 ogres
  3 centaurs
  2 big kobolds (D:8)
  A water moccasin skeleton (D:6)
  2 wyvern skeletons
  A scorpion (D:6)
  A howler monkey (D:6)
  3 crimson imps
  2 jellies
  A quasit (D:6)
  3 bullfrog skeletons
  2 hounds
  4 orc priests
  A centaur skeleton (D:8)
  A gnoll shaman (D:5)
  Jessica (D:2)
  3 iguanas
  3 orc wizards
  7 worker ants
  A killer bee zombie (D:6)
  Robin (D:1)
  8 gnolls
  9 adders
  3 oozes
  3 adder skeletons
  5 worms
  3 dart slugs
  4 leopard geckos
  36 orcs
  2 ball pythons
  3 giant cockroaches
  15 goblins
  12 hobgoblins
  19 jackals
  15 kobolds
  6 quokkas
  7 bats
  6 frilled lizards
  2 quokka skeletons
  7 rats
225 creatures vanquished.

Vanquished Creatures (others)
  2 plants (D:9)
2 creatures vanquished.

Grand Total: 227 creatures vanquished

Notes
Turn   | Place    | Note
-------+----------+-------------------------------------------
     0 | D:1      | RedPan the Gnoll Wanderer began the quest for the Orb.
     0 | D:1      | RedPan set off with the following items: a +0 club, 2
                  | potions of curing, a +2 scale mail, a ration
     0 | D:1      | Reached XP level 1. HP: 26/26 MP: 1/1
   278 | D:1      | Reached XP level 2. HP: 33/33 MP: 2/2
   518 | D:1      | Reached XP level 3. HP: 37/38 MP: 3/3
   693 | D:1      | Reached skill level 1 in Invocations
   916 | D:2      | Noticed Robin
   958 | D:1      | Reached skill level 1 in Short Blades
   958 | D:1      | Reached skill level 1 in Long Blades
   958 | D:1      | Reached skill level 1 in Axes
   958 | D:1      | Reached skill level 1 in Maces & Flails
   958 | D:1      | Reached skill level 1 in Polearms
   958 | D:1      | Reached skill level 1 in Staves
   958 | D:1      | Reached skill level 1 in Slings
   958 | D:1      | Reached skill level 1 in Bows
   958 | D:1      | Reached skill level 1 in Crossbows
   958 | D:1      | Reached skill level 1 in Dodging
   958 | D:1      | Reached skill level 1 in Unarmed Combat
   958 | D:1      | Reached skill level 1 in Spellcasting
   958 | D:1      | Reached skill level 1 in Evocations
  1117 | D:1      | Reached XP level 4. HP: 45/45 MP: 5/5
  1327 | D:2      | Reached skill level 1 in Conjurations
  1327 | D:2      | Reached skill level 1 in Hexes
  1327 | D:2      | Reached skill level 1 in Charms
  1327 | D:2      | Reached skill level 1 in Summonings
  1327 | D:2      | Reached skill level 1 in Necromancy
  1327 | D:2      | Reached skill level 1 in Translocations
  1327 | D:2      | Reached skill level 1 in Transmutations
  1327 | D:2      | Reached skill level 1 in Fire Magic
  1327 | D:2      | Reached skill level 1 in Ice Magic
  1327 | D:2      | Reached skill level 1 in Air Magic
  1327 | D:2      | Reached skill level 1 in Earth Magic
  1327 | D:2      | Reached skill level 1 in Poison Magic
  1463 | D:1      | Killed Robin
  1463 | D:1      | Reached XP level 5. HP: 27/51 MP: 6/6
  1743 | D:2      | Noticed Jessica
  1750 | D:2      | Killed Jessica
  2198 | D:3      | Reached XP level 6. HP: 54/57 MP: 8/8
  2206 | D:3      | Found a snail-covered altar of Cheibriados.
  2220 | D:3      | Became a worshipper of Cheibriados the Contemplative
  2282 | D:3      | Found a white marble altar of Elyvilon.
  2544 | D:3      | Found a shimmering altar of Xom.
  2544 | D:3      | Found a sacrificial altar of Ru.
  2736 | D:4      | Reached * piety under Cheibriados
  3033 | D:4      | Reached XP level 7. HP: 38/63 MP: 7/10
  3290 | D:5      | Entered Level 5 of the Dungeon
  3676 | D:5      | Reached skill level 9 in Fighting
  3697 | D:5      | Reached XP level 8. HP: 51/71 MP: 8/12
  4556 | D:6      | Reached ** piety under Cheibriados
  4758 | D:6      | HP: 3/71 [something (8)]
  4778 | D:6      | Killed an unseen horror
  4778 | D:6      | Reached XP level 9. HP: 9/77 MP: 14/14
  5273 | D:6      | Reached *** piety under Cheibriados
  5494 | D:6      | Found an ornate altar of the Wu Jian Council.
  5524 | D:6      | Found a basalt altar of Yredelemnul.
  5548 | D:6      | Noticed Menkaure
  5559 | D:6      | Killed Menkaure
  5559 | D:6      | Reached skill level 5 in Throwing
  5559 | D:6      | Reached skill level 5 in Shields
  6188 | D:7      | Reached skill level 5 in Stealth
  6304 | D:7      | Reached skill level 5 in Invocations
  6334 | D:7      | Reached skill level 5 in Long Blades
  6549 | D:7      | Found a staircase to the Ecumenical Temple.
  7091 | D:8      | Got a polished short sword
  7092 | D:8      | Identified the cursed +1 short sword of the Gloaming
                  | {vorpal, Str-3 Dex+4 SInv} (You found it on level 8 of the
                  | Dungeon)
  7151 | D:8      | Reached **** piety under Cheibriados
  7151 | D:8      | Reached XP level 10. HP: 83/84 MP: 17/17
  7849 | D:8      | Found a bloodstained altar of Trog.
  7860 | D:8      | Reached skill level 5 in Short Blades
  7860 | D:8      | Reached skill level 5 in Axes
  7860 | D:8      | Reached skill level 5 in Maces & Flails
  7860 | D:8      | Reached skill level 5 in Polearms
  7860 | D:8      | Reached skill level 5 in Staves
  7860 | D:8      | Reached skill level 5 in Slings
  7860 | D:8      | Reached skill level 5 in Bows
  7860 | D:8      | Reached skill level 5 in Crossbows
  7860 | D:8      | Reached skill level 5 in Dodging
  7860 | D:8      | Reached skill level 5 in Unarmed Combat
  7860 | D:8      | Reached skill level 5 in Spellcasting
  7860 | D:8      | Reached skill level 5 in Evocations
  8302 | D:9      | Found a staircase to the Lair.
  8337 | D:9      | Slain by a komodo dragon

Levels and vault maps discovered:
D:1:      tarquinn_simple_flora_water_a, layout_loops_cross
D:2:      layout_rooms, first_ration, uniq_jessica, uniq_robin
D:3:      layout_basic, gammafunk_temple_overflow_elements, lemuel_doored_altar,
          elyvilon_altar_5, hangedman_decor_slide_cut
D:4:      layout_gridville
D:5:      layout_basic
D:6:      layout_rooms, kennysheep_mini, basic_altar, serial_curves,
          eino_curves_03, eino_curves_01, minmay_manual_moon, uniq_menkaure
D:7:      layout_cave_pools, minmay_temple_entry_crystal_x
D:8:      layout_layer_cave, blue_anna_alchemist [blue_anna_fruit_fields,
          blue_anna_fruit_fields], trog_ov_bears_minmay
D:9:      layout_roguey, david_lair_shrubbed,
          ploomutoo_gammafunk_ghost_potion_laboratory

Skill      XL: |  1  2  3  4  5  6  7  8  9 10 |
---------------+-------------------------------+-----
Invocations    | 1 2 3 4 5 |  5.5
Short Blades   | 1 2 3 4 5 |  5.0
Long Blades    | 1 2 3 5 |  5.7
Axes           | 1 2 3 4 5 |  5.0
Maces & Flails | 1 2 3 4 5 |  5.0
Polearms       | 1 2 3 4 5 |  5.0
Staves         | 1 2 3 4 5 |  5.0
Slings         | 1 2 3 4 5 |  5.0
Bows           | 1 2 3 4 5 |  5.0
Crossbows      | 1 2 3 4 5 |  5.0
Dodging        | 1 2 3 4 5 |  5.0
Unarmed Combat | 1 2 3 4 5 |  5.0
Spellcasting   | 1 2 3 4 5 |  5.0
Evocations     | 1 2 3 4 5 |  5.0
Conjurations   | 1 2 3 4 |  4.1
Hexes          | 1 2 3 4 |  4.1
Charms         | 1 2 3 4 |  4.1
Summonings     | 1 2 3 4 |  4.1
Necromancy     | 1 2 3 4 |  4.1
Translocations | 1 2 3 4 |  4.1
Transmutations | 1 2 3 4 |  4.1
Fire Magic     | 1 2 3 4 |  4.1
Ice Magic      | 1 2 3 4 |  4.1
Air Magic      | 1 2 3 4 |  4.1
Earth Magic    | 1 2 3 4 |  4.1
Poison Magic   | 1 2 3 4 |  4.1
Throwing       | 3 4 5 |  5.7
Shields        | 3 4 5 |  5.7
Stealth        | 3 4 5 |  5.6
Armour         | 7 8 |  8.3
Fighting       | 9 |  9.9

Action                   |  1- 3 |  4- 6 |  7- 9 | 10-12 || total
-------------------------+-------+-------+-------+-------++-------
Melee: Club              |    64 |   144 |       |       ||   208
       Bite              |    18 |    41 |    66 |    12 ||   137
       Short sword       |    76 |   109 |       |       ||   185
       Punch             |       |     3 |     9 |     3 ||    15
       Hand axe          |       |    55 |   383 |    70 ||   508
Throw: Dart              |       |       |     6 |       ||     6
Invok: Bend Time         |       |     1 |     6 |     2 ||     9
  Use: Scroll            |     5 |     7 |    10 |     1 ||    23
       Potion            |       |       |     7 |       ||     7
  Eat: Chunk             |     1 |     7 |     8 |     2 ||    18
Armor: Scale mail        |    94 |    60 |       |       ||   154
       Plate armour      |       |   156 |   299 |    51 ||   506
       Skin              |       |       |    13 |       ||    13
Dodge: Dodged            |   107 |   141 |   160 |    40 ||   448
Block: Other             |    12 |    29 |    25 |     4 ||    70
       Reflection        |       |       |     1 |       ||     1

Table legend:
 A = Non-vault XP
 B = Vault XP
 C = Vault XP percentage of total XP
 D = Non-vault monster count
 E = Vault monster count
 F = Vault count percentage of total count
                 A         B        C        D         E       F
            +---------+---------+-------+---------+---------+-------
      Total |    4935 |     792 |  13.8 |     204 |      21 |   9.3
            +---------+---------+-------+---------+---------+-------
        D:1 |     100 |      19 |  16.0 |      37 |       3 |   7.5
        D:2 |     106 |      55 |  34.2 |      19 |      11 |  36.7
        D:3 |     169 |       0 |   0.0 |      31 |       0 |   0.0
        D:4 |     249 |       0 |   0.0 |      16 |       0 |   0.0
        D:5 |     889 |       0 |   0.0 |      34 |       0 |   0.0
        D:6 |    1448 |     357 |  19.8 |      22 |       4 |  15.4
        D:7 |    1065 |       0 |   0.0 |      23 |       0 |   0.0
        D:8 |     909 |     361 |  28.4 |      22 |       3 |  12.0
            +---------+---------+-------+---------+---------+-------
